 Dungeon Crawl Stone Soup version 0.31-a0-1025-g2e47921a08 (webtiles) character file.

Game seed: 15230713528406797710

264 kae the Vexing (level 5, 0/36 HPs)
             Began as a Demonspawn Enchanter on Nov 17, 2023.
             Slain by a worm (9 damage)
             ... on level 4 of the Dungeon.
             The game lasted 00:02:50 (3149 turns).

kae the Vexing (Demonspawn Enchanter)               Turns: 3149, Time: 00:02:51

Health: 0/36       AC:  4    Str: 10    XL:     5   Next: 98%
Magic:  0/9        EV: 12    Int: 17    God:
Gold:   147        SH:  0    Dex: 13    Spells: 5/10 levels left

rFire   . . .        a - +3 dagger
rCold   . . .        (no shield)
rNeg    . . .        b - +0 robe
rPois   .            (no helmet)
rElec   .            k - +0 cloak
rCorr   .            (no gloves)
SInv    .            (no boots)
Will    .....        G - amulet of guardian spirit
Stlth   ++           (no ring)
HPRegen 0.26/turn    (no ring)
MPRegen 0.11/turn

%: guardian spirit
@: no status effects
A: rugged brown scales 1, ignite blood 1
a: no special abilities


You were on level 4 of the Dungeon.
You visited 1 branch of the dungeon, and saw 4 of its levels.

You collected 147 gold pieces.


Innate Abilities, Weirdness & Mutations

You are partially covered in rugged brown scales. (AC +1, +3% HP)
Your demonic aura sometimes causes spilled blood to erupt in flames.


   Skills:
 * Level 3.4 Short Blades
 - Level 1.7 Dodging
 + Level 3.8 Stealth
 + Level 3.1 Spellcasting
 + Level 3.9 Hexes


You had 5 spell levels left.
You knew the following spells:

 Your Spells              Type           Power      Damage    Failure   Level
a - Ensorcelled Hibernat  Hex/Ice        18%        N/A       12%         2
b - Confusing Touch       Hex            16%        N/A       10%         3

Your spell library contained the following spells:

 Spells                   Type           Power      Damage    Failure   Level
 Tukima's Dance           Hex            16%        N/A       10%         3
 Dazzling Flash           Conj/Hex       18%        N/A       22%         3

Inventory:

Hand Weapons
 a - a +3 dagger (weapon)
Missiles
 f - 8 poisoned darts
 g - 5 boomerangs
 j - 44 stones
Armour
 b - a +0 robe (worn)
 k - a +0 cloak (worn)
   (You found it on level 2 of the Dungeon)
Jewellery
 G - an amulet of guardian spirit (around neck)
   (You found it on level 1 of the Dungeon)
 S - a +6 ring of strength
   (You found it on level 4 of the Dungeon)
Wands
 n - a wand of flame (18)
   (You found it on level 3 of the Dungeon)
Scrolls
 l - 2 scrolls of blinking {unknown}
 o - a scroll of poison {unknown}
 q - a scroll of fog
 r - a scroll of identify {@r1}
 s - a scroll of amnesia {unknown}
Potions
 c - 2 potions of invisibility
 d - a potion of brilliance
 e - a potion of enlightenment {unknown}
 h - a potion of degeneration {unknown}
 m - a potion of resistance {unknown}
 p - a potion of curing {unknown}

Dungeon Overview and Level Annotations

Branches:
Dungeon (4/15) Zot: 20875
 Temple: D:4-7

Altars:
Hepliaklqana
Xom

Shops:
D:3 =:

Annotations:
D:2 1 runed translucent door, Crazy Yiuf
D:4 Dowan, Duvessa

##.......## #..##
#. ##.........##
#...# #.
#...........#
#.#.# #.
........... ..#.#
#. #...!.# #.#.##
#. #...# #.#..###.
##.## #.#......
#w# #...###.. #@#
#.### #..
######.########.#
##.
.................#
##
..............####
###############


You could see a worm.


Message History

Aiming: Ensorcelled Hibernation (safe; 12% risk of failure)
Press: ? - help, Shift-Dir - straight line, f - scorpion
Aim: a scorpion (chance to affect: 41%)
The scorpion resists with some effort.
The scorpion stings you but does no damage. 😎 MP[-2]
You lost 2 mp, and now have 7/9 mp.
You hit the scorpion but do no damage.
The scorpion stings you. 😕 HP[-4] MP[-1]
You take 4 damage, and now have 32/36 hp.
You lost 1 mp, and now have 6/9 mp.
Casting: Ensorcelled Hibernation (safe; 12% risk of failure)
Confirm with . or Enter, or press ? or * to list all spells.
Aiming: Ensorcelled Hibernation (safe; 12% risk of failure)
Press: ? - help, Shift-Dir - straight line, f/p - scorpion
Aim: a scorpion (chance to affect: 41%)
The scorpion resists with some effort.
The hound barks!
The scorpion stings you. 😕 HP[-3] MP[-3]
You take 3 damage, and now have 29/36 hp.
You lost 3 mp, and now have 3/9 mp.
You barely miss the scorpion. The scorpion stings you! The scorpion stings you.
* * * LOW HITPOINT WARNING * * *
😨 HP[-12] MP[-1]
You take 12 damage, and now have 17/36 hp.
MASSIVE DAMAGE!! (PAUSE)
You lost 1 mp, and now have 2/9 mp.
You closely miss the scorpion. You punch the scorpion. The scorpion stings you.
* * * LOW HITPOINT WARNING * * *
😨 HP[-4] MP[-1]
You take 4 damage, and now have 13/36 hp.
You lost 1 mp, and now have 1/9 mp.
Aiming: Throw Flame
Press: ? - help, Shift-Dir - straight line, f/p - scorpion
Aim: a scorpion (lightly wounded, 68% to hit)
The puff of flame hits the scorpion.
Aiming: Throw Flame
Press: ? - help, Shift-Dir - straight line, f/p - scorpion
Aim: a scorpion (heavily wounded, 68% to hit)
The puff of flame misses the scorpion.
The puff of flame hits the worm. 😨 HP[+1] MP[+1]
Aiming: Throw Flame
Press: ? - help, Shift-Dir - straight line, f/p - scorpion
Aim: a scorpion (heavily wounded, 68% to hit)
The puff of flame misses the scorpion.
The puff of flame hits the hound.
The scorpion stings you.
* * * LOW HITPOINT WARNING * * *
😨 HP[-2]
You take 2 damage, and now have 12/36 hp.
You hit the scorpion but do no damage. The scorpion stings you.
* * * LOW HITPOINT WARNING * * *
😱 HP[-4] MP[-1]
You take 4 damage, and now have 8/36 hp.
You lost 1 mp, and now have 1/9 mp.
You hit the scorpion. The scorpion closely misses you.
You hit the scorpion. The scorpion stings you.
* * * LOW HITPOINT WARNING * * *
😱 HP[-2] MP[-1]
You take 2 damage, and now have 6/36 hp.
You lost 1 mp, and now have 0/9 mp.
You feel much better. The scorpion stings you. 😮 HP[+20]
You regained 20 hp, and now have 26/36 hp.
You closely miss the scorpion. The scorpion barely misses you.
You closely miss the scorpion. The scorpion stings you. 😮 HP[-3]
You take 3 damage, and now have 23/36 hp.
You hit the scorpion.
You kill the scorpion!
The hound bites you.
Your Spellcasting skill increases to level 3! 😮 HP[-2]
You take 2 damage, and now have 21/36 hp.
Unknown command.
You barely miss the hound.
The hound completely misses you. 😮 HP[+1]
You hit the hound but do no damage. The hound completely misses you.
You miss the hound. The hound closely misses you. 😮 MP[+1]
You hit the hound.
The hound is engulfed in blazing flames.
The hound misses you.
The hound is engulfed in blazing flames.
You kill the hound!
Unknown command.
The worm bites you!
* * * LOW HITPOINT WARNING * * *
You see here a hound corpse. 😨 HP[-7]
You take 7 damage, and now have 15/36 hp.
You hit the worm but do no damage. The worm misses you.
You hit the worm. You hit the worm. The worm bites you!
* * * LOW HITPOINT WARNING * * *
😱 HP[-7]
You take 7 damage, and now have 8/36 hp.
You hit the worm. You hit the worm. The worm bites you!
You die...

Skill      XL: |  1  2  3  4  5 |
---------------+----------------+-----
Short Blades   | 1 2 3 |  3.4
Stealth        | 3 |  3.8
Spellcasting   | 3 |  3.1
Dodging        | |  1.7
Hexes          | |  3.9

Action                     |  1- 3 |  4- 6 || total
---------------------------+-------+-------++-------
  Melee: Dagger            |   174 |    97 ||   271
         Punch             |     1 |     4 ||     5
   Cast: Ensorcelled Hiber |    10 |    18 ||    28
  Evoke: Wand              |       |     3 ||     3
    Use: Scroll            |     4 |     3 ||     7
         Potion            |       |     1 ||     1
   Stab: Sleeping          |    19 |    11 ||    30
 Armour: Robe              |    92 |    67 ||   159
  Dodge: Dodged            |   105 |    64 ||   169

Levels and vault maps discovered:
D:1:      grunt_arrival_lava_bath, layout_loops_ring
D:2:      layout_basic, uniq_crazy_yiuf_cottage
D:3:      layout_basic, nicolae_overflow_hidden_temple, serial_shops,
          nicolae_shop_statue_plus, chequers_mini_garden,
          nicolae_shop_vocational
D:4:      layout_basic, minmay_pentangle, uniq_natasha, uniq_duvessa

Notes
Turn   | Place    | Note
-------+----------+-------------------------------------------
     0 | D:1      | kae the Demonspawn Enchanter began the quest for the Orb.
     0 | D:1      | Reached XP level 1. HP: 13/13 MP: 3/3
     0 | D:1      | magus.rc [v1.11.3]
    37 | D:1      | HP: 1/13 [hobgoblin (4)]
    39 | D:1      | Reached skill level 1 in Short Blades
   194 | D:1      | Gained mutation: You are partially covered in rugged brown
                  | scales. (AC +1, +3% HP) [demonic ancestry]
   194 | D:1      | Reached XP level 2. HP: 12/19 MP: 5/5
   197 | D:1      | Learned a level 2 spell: Ensorcelled Hibernation
   487 | D:1      | Reached skill level 3 in Stealth
   528 | D:1      | Reached XP level 3. HP: 20/24 MP: 4/6
   585 | D:1      | Learned a level 3 spell: Confusing Touch
   915 | D:2      | Reached skill level 2 in Short Blades
  1011 | D:2      | Identified the +1 spear "Xaotirch" {elec, Contam rElec
                  | Str+3}
  1318 | D:2      | Found a runed translucent door.
  1319 | D:2      | Noticed Crazy Yiuf
  1721 | D:3      | Gained mutation: Your demonic aura sometimes causes spilled
                  | blood to erupt in flames. [demonic ancestry]
  1721 | D:3      | Reached XP level 4. HP: 29/30 MP: 7/7
  2031 | D:3      | HP: 7/30 [orc/+0 mace (6)]
  2130 | D:3      | Reached XP level 5. HP: 29/36 MP: 1/9
  2234 | D:3      | Found Cury's Vocational Training.
  2343 | D:3      | Found Joijaumm's Jewellery Boutique.
  2570 | D:3      | Found a shimmering altar of Xom.
  2574 | D:3      | Found a hazy altar of Hepliaklqana.
  2770 | D:4      | Noticed Duvessa
  2770 | D:4      | Noticed Dowan
  2820 | D:4      | Noticed Natasha
  2842 | D:4      | HP: 6/36 [Natasha/magic dart (5)]
  2844 | D:4      | Killed Natasha
  2845 | D:4      | Reached skill level 3 in Short Blades
  3133 | D:4      | HP: 8/36 [scorpion (4)]
  3140 | D:4      | Reached skill level 3 in Spellcasting
  3147 | D:4      | HP: 8/36 [worm (7)]
  3149 | D:4      | Slain by a worm

Vanquished Creatures
  A scorpion (D:4)
  A hound (D:4)
  Natasha (D:4)
  An orc wizard (D:3)
  4 gnolls
  2 worms (D:2)
  4 dart slugs
  4 orcs (D:3)
  6 ball pythons
  12 endoplasms
  5 giant cockroaches
  7 goblins
  7 hobgoblins
  4 quokkas
  8 bats
  3 frilled lizards
  9 kobolds
  2 rats
81 creatures vanquished.

Table legend:
 A = Non-vault XP
 B = Vault XP
 C = Vault XP percentage of total XP
 D = Non-vault monster count
 E = Vault monster count
 F = Vault count percentage of total count
                 A         B        C        D         E       F
            +---------+---------+-------+---------+---------+-------
      Total |     343 |      35 |   9.3 |      80 |       1 |   1.2
            +---------+---------+-------+---------+---------+-------
        D:1 |      55 |       0 |   0.0 |      31 |       0 |   0.0
        D:2 |      70 |       0 |   0.0 |      22 |       0 |   0.0
        D:3 |      81 |       0 |   0.0 |      18 |       0 |   0.0
        D:4 |     137 |      35 |  20.3 |       9 |       1 |  10.0
            +---------+---------+-------+---------+---------+-------

Skill      XL: |  1  2  3  4  5 |
---------------+----------------+-----
Short Blades   | 1 2 3 |  3.4
Stealth        | 3 |  3.8
Spellcasting   | 3 |  3.1
Dodging        | |  1.7
Hexes          | |  3.9

Action                     |  1- 3 |  4- 6 || total
---------------------------+-------+-------++-------
  Melee: Dagger            |   174 |    97 ||   271
         Punch             |     1 |     4 ||     5
   Cast: Ensorcelled Hiber |    10 |    18 ||    28
  Evoke: Wand              |       |     3 ||     3
    Use: Scroll            |     4 |     3 ||     7
         Potion            |       |     1 ||     1
   Stab: Sleeping          |    19 |    11 ||    30
 Armour: Robe              |    92 |    67 ||   159
  Dodge: Dodged            |   105 |    64 ||   169

Illustrated notes

Table legend:
 A = Kills in this place as a percentage of kills in the entire game.
 B = Kills by you in this place as a percentage of kills by you in the entire game.
 C = Kills by friends in this place as a percentage of kills by friends in the entire game.
 D = Other kills in this place as a percentage of other kills in the entire game.
 E = Experience gained in this place as a percentage of experience gained in the entire game.
 F = Experience gained in this place divided by the number of levels of this place that you have seen.
                   A       B       C       D       E      F
               +-------+-------+-------+-------+-------+----------------------
         Total | 100.0 | 100.0 |   N/A |   N/A | 100.0 |  94.5
       Dungeon | 100.0 | 100.0 |   N/A |   N/A | 100.0 |  94.5
               +-------+-------+-------+-------+-------+----------------------

Table legend: (Time is in decaauts)
 A = Elapsed time spent in this place.
 B = Non-inter-level travel time spent in this place.
 C = Inter-level travel time spent in this place.
 D = Time resting spent in this place.
 E = Time spent auto-exploring this place.
 F = Levels seen in this place.
 G = Mean time per level.
                   A        B        C        D        E       F      G
               +--------+--------+--------+--------+--------+-----+--------+
         Total |   3124 |   2998 |    126 |    286 |   2033 |   4 |  781.0 |
       Dungeon |   3124 |   2998 |    126 |    286 |   2033 |   4 |  781.0 |
               +--------+--------+--------+--------+--------+-----+--------+

Top non-repeatable levels by time:
     D:2: 977 daAuts
     D:3: 940 daAuts
     D:1: 867 daAuts
     D:4: 338 daAuts
